 Dungeon Crawl Stone Soup version 0.30-a0-373-gd37427bb62 (console) character file.

Game seed: 6457908426098660185

13 petzl the Sneak (level 2, 0/24 HPs)
             Began as a Formicid Delver on Nov 24, 2022.
             Slain by an orc
             ... wielding a +0 morningstar
              (12 damage)
             ... on level 4 of the Dungeon.
             The game lasted 00:01:37 (246 turns).

petzl the Sneak (Formicid Delver)                    Turns: 246, Time: 00:01:37

Health: 0/24       AC:  3    Str: 16    XL:     2   Next: 50%
Magic:  3/3        EV: 12    Int:  9    God:
Gold:   0          SH:  0    Dex: 15    Spells: 3/3 levels left

rFire   . . .      SeeInvis +    a - +0 mace
rCold   . . .      Faith    .    (no shield)
rNeg    . . .      Spirit   .    b - +0 leather armour
rPois   .          Reflect  .    (helmet unavailable)
rElec   .          Harm     .    (no cloak)
rCorr   .          Rampage  .    (no gloves)
Will    .....                    (no boots)
Stlth   +++.......               (no amulet)
HPRegen 0.24/turn                (no ring)
MPRegen 0.08/turn                (no ring)

@: no status effects
A: permanent stasis, dig shafts and tunnels, antennae 3, four strong arms
a: Dig, Shaft Self


You were on level 4 of the Dungeon.
You visited 1 branch of the dungeon, and saw 3 of its levels.

Inventory:

Hand Weapons
 a - a +0 mace (weapon)
Armour
 b - a +0 leather armour (worn)
Wands
 f - a wand of digging (3)
Scrolls
 c - a scroll of fog
 d - a scroll of magic mapping
 e - a scroll of fear


   Skills:
 + Level 3.4 Fighting
 - Level 2.0 Maces & Flails
 + Level 2.0 Dodging
 + Level 6.1 Stealth
 * Level 1.1 Spellcasting


You had 3 spell levels left.
You didn't know any spells.
Your spell library was empty.

Dungeon Overview and Level Annotations

Branches:
Dungeon (6/15)
 Temple: D:4-7

Altars:

Annotations:
D:5 exclusion: centaur


Innate Abilities, Weirdness & Mutations

You cannot be hasted, slowed, berserked, paralysed or teleported.
You can dig through walls and to a lower floor.
You have a pair of large antennae on your head. (SInv)
Your four strong arms can wield two-handed weapons with a shield.


Message History

You see here a hobgoblin corpse.
You start resting.
HP restored.
You climb upwards.
The endoplasm freezes you.
You are frozen.
The endoplasm freezes you.
You are frozen.
There is a stone staircase leading down, spattered with blood here.
The endoplasm freezes you.
You are frozen.
You climb downwards.
Level annotation: exclusion: centaur
There is a stone staircase leading up here.
You see here a hobgoblin corpse.
You barely miss the endoplasm. The endoplasm freezes you.
You are frozen.
You sock the endoplasm!
You kill the endoplasm!
There is a stone staircase leading up here.
You see here a hobgoblin corpse.
You start resting.
HP restored.
You climb upwards.
The orc barely misses you.
There is a stone staircase leading down, spattered with blood here.
You hit the orc.
The orc is severely wounded.
The orc hits you with a +0 morningstar. The orc hits you with a +0 morningstar!
You closely miss the orc.
The orc is severely wounded.
The orc closely misses you.
You barely miss the orc.
The orc is severely wounded.
The orc closely misses you.
You barely miss the orc.
The orc is severely wounded.
The orc hits you with a +0 morningstar!
Ouch! That really hurt!
You die...

.##..# ....
..... .<..
....# .....
...##.....
#.........
##.........
#..........
#..........
#@.........
#.o........
#..........
#..........
#..........
#..........
#...##.....
#...# ....


You could see an orc.

Vanquished Creatures
  An adder (D:5)
  2 endoplasms (D:5)
  A hobgoblin (D:5)
4 creatures vanquished.

Notes
Turn   | Place    | Note
-------+----------+-------------------------------------------
     0 | D:5      | petzl the Formicid Delver began the quest for the Orb.
     0 | D:5      | Reached XP level 1. HP: 18/18 MP: 1/1
    38 | D:5      | Reached XP level 2. HP: 12/24 MP: 1/3
   136 | D:5      | Noticed a centaur
   199 | D:5      | Reached skill level 1 in Spellcasting
   246 | D:4      | Slain by an orc

Illustrated notes

Levels and vault maps discovered:
D:4:      layout_gridville, kennysheep_dice, uniq_grinder
D:5:      layout_loops_cross, grunt_ministairs_8
D:6:      layout_rooms, mainiacjoe_overflow_tiny_flanked,
          mainiacjoe_overflow_swirl, minmay_temple_entry_butterflies,
          interstate_on_off

Skill      XL: |  1  2 |
---------------+-------+-----
Spellcasting   | 1 |  1.1
Dodging        | 2 |  2.0
Fighting       | |  3.4
Maces & Flails | |  2.0
Stealth        | |  6.1

Action                   || total
-------------------------++-------
Melee: Mace              ||    20
Armor: Leather armour    ||     2
Dodge: Dodged            ||    14

Table legend: (Time is in decaauts)
 A = Elapsed time spent in this place.
 B = Non-inter-level travel time spent in this place.
 C = Inter-level travel time spent in this place.
 D = Time resting spent in this place.
 E = Time spent auto-exploring this place.
 F = Levels seen in this place.
 G = Mean time per level.
                   A        B        C        D        E       F      G
               +--------+--------+--------+--------+--------+-----+--------+
         Total |    253 |    240 |     13 |     93 |     34 |   3 |   84.3 |
       Dungeon |    253 |    240 |     13 |     93 |     34 |   3 |   84.3 |
               +--------+--------+--------+--------+--------+-----+--------+

Top non-repeatable levels by time:
     D:5: 234 daAuts
     D:4: 17 daAuts
     D:6: 1 daAuts
